 Dungeon Crawl Stone Soup version 0.25-a0-435-g4b9beb1024 (webtiles) character file.

Game seed: 13873712732036761499, levelgen mode: deterministic

50 Nattfarinn the Caller (level 3, 0/19 HPs)
             Began as a Tengu Summoner on Jan 26, 2020.
             Succumbed to an adder's poison
             ... on level 2 of the Dungeon.
             The game lasted 00:02:48 (1340 turns).

Nattfarinn the Caller (Tengu Summoner)              Turns: 1340, Time: 00:02:48

Health: 0/19       AC:  2    Str:  5 (8)  XL:     3   Next: 79%
Magic:  6/7        EV: 13    Int: 13 (16) God:
Gold:   66         SH:  0    Dex: 12 (14) Spells: 3/6 levels left

rFire    . . .     SeeInvis .   i - +0 club
rCold    . . .     Gourm    .   (no shield)
rNeg     . . .     Faith    .   a - +0 robe
rPois    .         Spirit   .   (helmet restricted)
rElec    .         Reflect  .   (no cloak)
rCorr    .         Harm     .   (no gloves)
MR       .....                  (boots unavailable)
Stlth    ++........             (no amulet)
HPRegen  0.06/turn              (no ring)
MPRegen  0.10/turn              (no ring)

@: lethally poisoned (0 -> -5), berserk cooldown, slowed, very slow
A: beak, talons 3
a: no special abilities


You were on level 2 of the Dungeon.
You were not hungry.

You visited 1 branch of the dungeon, and saw 2 of its levels.

You collected 66 gold pieces.

Inventory:

Hand Weapons
 i - a +0 club (weapon)
Armour
 a - a +0 robe (worn)
Wands
 m - a wand of disintegration (13)
Scrolls
 b - 3 scrolls of identify {unknown}
 g - a scroll of remove curse {unknown}
 j - a scroll of teleportation {unknown}
Potions
 f - a potion of agility
 k - a potion of flight {unknown}
 l - a potion of cancellation {unknown}
Comestibles
 c - 6 rations


   Skills:
 * Level 2.0 Armour
 + Level 2.6 Dodging
 - Level 2.0 Stealth
 + Level 2.3 Spellcasting
 * Level 5.4 Summonings


You had 3 spell levels left.
You knew the following spells:

 Your Spells              Type           Power        Failure   Level  Hunger
a - Summon Small Mammal   Summ           ###.         2%          1    #......
b - Call Imp              Summ           ###.....     4%          2    ###....

Your spell library contained the following spells:

 Spells                   Type           Power        Failure   Level  Hunger
 Call Canine Familiar     Summ           ###.....     9%          3    ###....
 Summon Guardian Golem    Hex/Summ       #.......     24%         3    ###....
 Summon Ice Beast         Ice/Summ       #.......     63%         4    #####..
 Summon Lightning Spire   Summ/Air       #.......     63%         4    #####..


Dungeon Overview and Level Annotations

Branches:
Dungeon (2/15)

Altars:
Okawaru

Annotations:
D:2 Terence


Innate Abilities, Weirdness & Mutations

You have a beak for a mouth.
You have claws for feet.


Message History

Your quokka misses the adder. You thump the adder!
You kill the adder!
Your Armour skill increases to level 2!
* * * LOW HITPOINT WARNING * * *
You feel sick.
You are too berserk!
You feel a strong urge to attack something.
* * * LOW HITPOINT WARNING * * *
You feel sick.
You feel your anger nearly subside.
Okay, then.
You swap places.
You are no longer berserk.
You are exhausted.
You feel yourself slow down.
It was a potion of degeneration.
There was something very wrong with that liquid.
You feel weakened.
You feel dopey.
You feel clumsy.
You die...

........####.##
..............#
..#...........#
..............#
....###.#####.#
..............#
.######.#####.#
#.######.#####.##
#........@r.....#
##############.##


You could see a friendly quokka.

Vanquished Creatures
  An adder (D:2)
  A dart slug (D:1)
  6 bats (D:1)
  A giant cockroach (D:2)
  3 goblins
  2 jackals (D:2)
  A kobold (D:1)
  4 rats
19 creatures vanquished.

Vanquished Creatures (collateral kills)
  Jessica (D:2)
  A leopard gecko (D:2)
  2 goblins
  A hobgoblin (D:1)
  3 jackals
  A rat (D:1)
9 creatures vanquished.

Grand Total: 28 creatures vanquished

Notes
Turn   | Place    | Note
-------+----------+-------------------------------------------
     0 | D:1      | Nattfarinn the Tengu Summoner began the quest for the Orb.
     0 | D:1      | Reached XP level 1. HP: 10/10 MP: 4/4
   187 | D:1      | Reached skill level 5 in Summonings
   213 | D:1      | Reached XP level 2. HP: 12/15 MP: 6/6
   226 | D:1      | Learned a level 2 spell: Call Imp
   250 | D:1      | Reached skill level 1 in Armour
   866 | D:2      | Noticed Terence
   933 | D:2      | Noticed Jessica
   939 | D:2      | Killed Jessica
   939 | D:2      | Reached XP level 3. HP: 15/19 MP: 2/7
  1211 | D:2      | Found an iron altar of Okawaru.
  1307 | D:2      | Found a faded altar of an unknown god.
  1337 | D:2      | HP: 1/28 [poisoned by an adder]
  1340 | D:2      | Succumbed to an adder's poison

Levels and vault maps discovered:
D:1:      lightli_arrival_noodles, layout_basic, minivault_25
D:2:      layout_basic, okawaru_trees_2, chequers_ecumenical_altar_twisty,
          uniq_jessica, uniq_terence

Skill      XL: |  1  2  3 |
---------------+----------+-----
Summonings     | 5 |  5.4
Armour         | 1 2 |  2.0
Dodging        | |  2.6
Stealth        | |  2.0
Spellcasting   | |  2.3

Action                   || total
-------------------------++-------
Melee: Unarmed           ||    13
       Peck              ||    14
       Club              ||    50
       Kick              ||     8
 Cast: Summon Small Mamm ||     3
       Call Imp          ||    10
  Use: Potion            ||     4
 Stab: Sleeping          ||     2
  Eat: Chunk             ||     2
Armor: Robe              ||    19
Dodge: Dodged            ||    73

Table legend:
 A = Non-vault XP
 B = Vault XP
 C = Vault XP percentage of total XP
 D = Non-vault monster count
 E = Vault monster count
 F = Vault count percentage of total count
                 A         B        C        D         E       F
            +---------+---------+-------+---------+---------+-------
      Total |      53 |      19 |  26.4 |      27 |       1 |   3.6
            +---------+---------+-------+---------+---------+-------
        D:1 |      24 |       0 |   0.0 |      17 |       0 |   0.0
        D:2 |      29 |      19 |  39.6 |      10 |       1 |   9.1
            +---------+---------+-------+---------+---------+-------
